 Dungeon Crawl Stone Soup version 0.29-a0-509-g793eeb5391 (webtiles) character file.

Game seed: 2617815980496665685

417 Glafi the Skirmisher (level 6, -2/58 HPs)
             Began as a Minotaur Fighter on May 29, 2022.
             Succumbed to a killer bee's poison
             ... on level 4 of the Dungeon.
             The game lasted 00:28:20 (2499 turns).

Glafi the Skirmisher (Minotaur Fighter)             Turns: 2499, Time: 00:28:21

Health: -2/58      AC: 16    Str: 22    XL:     6   Next: 61%
Magic:  5/5        EV: 10    Int:  5    God:
Gold:   75         SH: 11    Dex: 19    Spells: 5/5 levels left

rFire   . . .      SeeInvis .   a - +0 war axe
rCold   . . .      Faith    .   c - +0 buckler
rNeg    . . .      Spirit   .   x - +2 scale mail of Inviolability {Dex+7}
rPois   .          Reflect  +   (helmet restricted)
rElec   .          Harm     .   (no cloak)
rCorr   .          Rampage  .   p - +0 pair of gloves
Will    .....      Rnd*Tele +   m - +1 pair of boots
Stlth   +.........              o - amulet of reflection
HPRegen 0.19/turn               e - +4 ring of protection
MPRegen 0.09/turn               (no ring)

@: lethally poisoned (-2 -> -13), studying Earth Magic
A: horns 2, retaliatory headbutt, thin skeletal structure 1, teleportitis 1
a: no special abilities


You were on level 4 of the Dungeon.
You visited 1 branch of the dungeon, and saw 4 of its levels.

You collected 75 gold pieces.

Inventory:

Hand Weapons
 a - a +0 war axe (weapon)
Missiles
 s - 5 javelins (quivered)
Armour
 c - a +0 buckler (worn)
 m - a +1 pair of boots (worn)
 p - a +0 pair of gloves (worn)
 x - the +2 scale mail of Inviolability (worn) {Dex+7}
   (You found it on level 3 of the Dungeon)

   Dex:       It affects your dexterity (+7).
Jewellery
 e - a +4 ring of protection (left hand)
 o - an amulet of reflection (around neck)
Scrolls
 b - a scroll of brand weapon {unknown}
 i - 10 scrolls of identify {unknown}
 j - 4 scrolls of teleportation {unknown}
 k - a scroll of fear {unknown}
 l - a scroll of amnesia {unknown}
 n - a scroll of fog {unknown}
 q - a scroll of enchant armour {unknown}
 r - a scroll of vulnerability {unknown}
 t - 2 scrolls of poison {unknown}
 v - a scroll of noise {unknown}
 w - a scroll of summoning {unknown}
 y - a scroll of blinking {unknown}
Potions
 d - 2 potions of might
 f - a potion of haste {unknown}
 g - a potion of ambrosia {unknown}
 h - 2 potions of brilliance {unknown}
 u - a potion of flight {unknown}
 z - a potion of lignification {unknown}
 A - a potion of mutation


   Skills:
 * Level 6.7 Fighting
 - Level 2.4 Axes
 + Level 5.2 Armour
 + Level 2.1 Dodging
 + Level 5.3 Shields


You had 5 spell levels left.
You didn't know any spells.
Your spell library contained the following spells:

 Spells                   Type           Power      Damage    Failure   Level
 Necrotize                Necr           0%         1d4       86%         1
 Slow                     Hex            0%         N/A       86%         1
 Confusing Touch          Hex            0%         N/A       99%         3
 Vampiric Draining        Necr           0%         2d6       99%         3
 Agony                    Necr           0%         N/A       100%        5


Dungeon Overview and Level Annotations

Branches:
Dungeon (4/15)
 Temple: D:4-7

Altars:
Makhleb
Vehumet
Wu Jian


Innate Abilities, Weirdness & Mutations

You have a pair of horns on your head.
You reflexively headbutt those who attack you in melee.
You have a somewhat thin skeletal structure. (Dex +2, Stealth+)
You are occasionally teleported next to monsters.


Message History

You miss the killer bee.
The killer bee is lightly wounded.
You completely miss the killer bee. You miss the killer bee.
You feel sick.
The killer bee stings you but does no damage.
The killer bee barely misses you. The killer bee stings you.
You block the killer bee's attack. The killer bee closely misses you.
You block the killer bee's attack.
The killer bee stings you but does no damage. x2
The killer bee barely misses you. You furiously retaliate!
You headbutt the killer bee! You miss the killer bee.
Your headbutt misses the killer bee.
The killer bee is heavily wounded.
You hit the killer bee. You closely miss the killer bee.
You feel sick. You block the killer bee's attack. The killer bee stings you.
* * * LOW HITPOINT WARNING * * *
The killer bee completely misses you. The killer bee stings you.
* * * LOW HITPOINT WARNING * * *
The killer bee closely misses you. You block the killer bee's attack.
The killer bee barely misses you. The killer bee completely misses you.
The killer bee barely misses you.
It was a potion of mutation.
You feel extremely strange.
You feel weirdly uncertain.
Your bones become slightly less dense.
You feel sick. You block the killer bee's attack.
The killer bee barely misses you. You block the killer bee's attack.
The killer bee stings you but does no damage.
The killer bee barely misses you. The killer bee stings you.
* * * LOW HITPOINT WARNING * * *
You miss the killer bee. Your headbutt misses the killer bee.
The killer bee is heavily wounded.
You miss the killer bee. You closely miss the killer bee.
You feel sick.
The killer bee stings you but does no damage. x4
You block the killer bee's attack. The killer bee stings you.
* * * LOW HITPOINT WARNING * * *
You are lethally poisoned!
The killer bee poisons you! The killer bee closely misses you.
The killer bee stings you but does no damage. x2
You barely miss the killer bee. Your headbutt misses the killer bee.
The killer bee is heavily wounded.
You barely miss the killer bee. You hit the killer bee.
You die...

#..≈.§.§.≈.≈
####..≈.§...≈.≈. #####
#.....≈.≈§≈≈≈.≈.###....
#.....≈.......≈........
#.....≈≈≈≈≈≈.≈≈........
#......................
#......#.......#.......
#....yyy.......#.......
#.....@#.......#.......
#...#######+#####...##.
#...####.##....##...##.
#...#......>....[..####
#...#.........>...##
#...#........######
#...#......^##
#...#......##
#...#.....##


You could see 3 killer bees.

Vanquished Creatures
  A scorpion (D:4)
  3 killer bees (D:4)
  A crimson imp (D:3)
  A hound (D:4)
  An orc wizard (D:3)
  7 adders
  2 worms (D:3)
  2 dart slugs
  7 orcs (D:3)
  4 bats
  7 endoplasms
  A giant cockroach (D:3)
  4 goblins
  7 hobgoblins
  4 jackals (D:1)
  3 ball pythons
  2 frilled lizards
  3 kobolds
  6 rats
66 creatures vanquished.

Notes
Turn   | Place    | Note
-------+----------+-------------------------------------------
     0 | D:1      | Glafi the Minotaur Fighter began the quest for the Orb.
     0 | D:1      | Reached XP level 1. HP: 19/19 MP: 0/0
   104 | D:1      | Reached skill level 4 in Fighting
   294 | D:1      | Reached XP level 2. HP: 23/27 MP: 1/1
   398 | D:1      | Found a faded altar of an unknown god.
   961 | D:2      | Reached XP level 3. HP: 31/34 MP: 2/2
  1107 | D:2      | Reached skill level 5 in Fighting
  1248 | D:2      | Reached XP level 4. HP: 36/42 MP: 3/3
  1612 | D:3      | Reached skill level 1 in Dodging
  1646 | D:3      | Identified the +2 scale mail of Inviolability {Dex+7}
  2024 | D:3      | Reached XP level 5. HP: 48/49 MP: 4/4
  2246 | D:3      | Found a radiant altar of Vehumet.
  2246 | D:3      | Found a burning altar of Makhleb.
  2341 | D:4      | Reached skill level 6 in Fighting
  2382 | D:4      | Reached XP level 6. HP: 57/57 MP: 5/5
  2480 | D:4      | Found an ornate altar of the Wu Jian Council.
  2490 | D:4      | Reached skill level 5 in Armour
  2490 | D:4      | Reached skill level 5 in Shields
  2497 | D:4      | Gained mutation: You are occasionally teleported next to
                  | monsters. [potion of mutation]
  2497 | D:4      | Gained mutation: You have a somewhat thin skeletal
                  | structure. (Dex +2, Stealth+) [potion of mutation]
  2498 | D:4      | HP: 2/58 [killer bee (3)]
  2499 | D:4      | Succumbed to a killer bee's poison

Illustrated notes

Levels and vault maps discovered:
D:1:      minmay_arrival_wavy_path, layout_loops_ring,
          shapermc_ecumenical_altar_mp_ritualfount, minivault_19,
          hangedman_decor_diamond_cutter, chequers_garden
D:2:      layout_rooms
D:3:      layout_loops_ring, grunt_temple_overflow_lords_of_destruction
D:4:      layout_gridville, mainiacjoe_overflow_concentric_impassable,
          goddamned_bats

Skill      XL: |  1  2  3  4  5  6 |
---------------+-------------------+-----
Fighting       | 4 5 6 |  6.7
Armour         | 4 5 |  5.2
Shields        | 4 5 |  5.3
Dodging        | 1 2 |  2.1
Axes           | |  2.4

Action                   |  1- 3 |  4- 6 || total
-------------------------+-------+-------++-------
Melee: War axe           |    75 |   103 ||   178
       Headbutt          |     4 |    11 ||    15
  Use: Potion            |       |     1 ||     1
Armor: Scale mail        |    52 |    48 ||   100
Dodge: Dodged            |    33 |    52 ||    85
Block: Buckler           |    11 |    55 ||    66

Table legend: (Time is in decaauts)
 A = Elapsed time spent in this place.
 B = Non-inter-level travel time spent in this place.
 C = Inter-level travel time spent in this place.
 D = Time resting spent in this place.
 E = Time spent auto-exploring this place.
 F = Levels seen in this place.
 G = Mean time per level.
                   A        B        C        D        E       F      G
               +--------+--------+--------+--------+--------+-----+--------+
         Total |   2573 |   2517 |     56 |      0 |   1839 |   4 |  643.2 |
       Dungeon |   2573 |   2517 |     56 |      0 |   1839 |   4 |  643.2 |
               +--------+--------+--------+--------+--------+-----+--------+

Top non-repeatable levels by time:
     D:1: 898 daAuts
     D:3: 890 daAuts
     D:2: 602 daAuts
     D:4: 183 daAuts
